 Dungeon Crawl Stone Soup version 0.20.1-1-g8b1a95d (webtiles) character file.

8309 Angulimala the Slicer (level 11, -9/91 HPs)
             Began as a White Draconian Berserker on July 30, 2017.
             Was a High Priest of Trog.
             Mangled by a five-headed hydra (12 damage)
             ... on level 1 of the Lair of Beasts.
             The game lasted 01:08:35 (11278 turns).

Angulimala the Slicer (White Draconian Berserker)  Turns: 11278, Time: 01:08:37

Health: -9/91      AC:  7    Str: 23    XL:     11   Next: 8%
Magic:  11/11      EV: 12    Int:  8    God:    Trog [*****.]
Gold:   152        SH: 17    Dex: 10    Spells: 10/10 levels left

rFire    + . .     SeeInvis .   R - -3 dagger (curse)
rCold    + . .     Gourm    .   d - +0 large shield
rNeg     . . .     Faith    .   (armour unavailable)
rPois    .         Spirit   .   (helmet restricted)
rElec    .         Reflect  .   (no cloak)
rCorr    .         Harm     .   (no gloves)
MR       +....                  (no boots)
Stlth    ++........             (no amulet)
Regen    0.3/turn               S - ring of protection from fire
MPRegen  0.2/turn               v - ring of protection from magic

@: about to teleport, berserk cooldown, slowed, very slow
A: breathe frost, unfitting armour, cold resistance 1, cold-blooded, AC +7
a: Breathe Frost, Berserk, Trog's Hand, Brothers in Arms, Burn Spellbooks,
Renounce Religion


You were on level 1 of the Lair of Beasts.
You worshipped Trog.
Trog was extremely pleased with you.
You were hungry.

You visited 2 branches of the dungeon, and saw 10 of its levels.

You collected 552 gold pieces.
You spent 400 gold pieces at shops.

Inventory:

Hand Weapons
 a - a +0 falchion
 f - a +1 mace of crushing
 g - a +2 dagger of venom
 A - a cursed -1 spear
 E - a +2 flail of venom
 H - a +3 spear
 L - a +0 quick blade
 R - a cursed -3 dagger (weapon)
 U - a +2 dagger of electrocution
 X - a +2 dire flail of protection
Armour
 d - a +0 large shield (worn)
 h - a +0 robe
 j - a +0 leather armour
 x - a +0 leather armour
Jewellery
 c - an uncursed ring of flight
 q - an uncursed ring of poison resistance
 v - a ring of protection from magic (right hand)
 G - a +5 ring of dexterity {unknown}
 J - an uncursed ring of protection from cold {unknown}
 K - a cursed ring of teleportation
 Q - an uncursed amulet of rage
 S - a ring of protection from fire (left hand)
Wands
 o - a wand of scattershot (2/9)
 w - a wand of flame (4/48)
Scrolls
 b - a scroll of amnesia {unknown}
 e - 4 scrolls of teleportation
 l - 2 scrolls of fog {unknown}
 n - 2 scrolls of enchant weapon {unknown}
 s - 4 scrolls of remove curse
 u - a scroll of fear {unknown}
 y - 2 scrolls of magic mapping {unknown}
 B - 2 scrolls of recharging {unknown}
 I - a scroll of vulnerability {unknown}
 P - 2 scrolls of immolation {unknown}
 V - a scroll of noise {unknown}
Potions
 i - 3 potions of agility {unknown}
 k - a potion of resistance {unknown}
 m - 5 potions of lignification {unknown}
 p - 2 potions of haste {unknown}
 t - 3 potions of curing
 z - 2 potions of degeneration {unknown}
 D - 2 potions of brilliance {unknown}
 N - a potion of ambrosia
 O - a potion of invisibility {unknown}
 T - a potion of mutation {unknown}
Comestibles
 r - 12 chunks of flesh
 C - 5 meat rations


   Skills:
 + Level 6.9 Fighting
 * Level 10.2(10.4) Short Blades
 - Level 3.3(7.3) Long Blades
 + Level 7.4 Dodging
 + Level 4.1 Stealth
 + Level 9.0 Shields
 + Level 0.8 Evocations


You had 10 spell levels left.
You didn't know any spells.

Dungeon Overview and Level Annotations

Branches:
Dungeon (8/15)             Temple (0/1) D:7            Lair (2/6) D:8
  Swamp: Lair:2-4    Shoals: Lair:2-4     Snake: Lair:2-4    Spider: Lair:2-4

Altars:
Elyvilon
Makhleb
Ru

Shops:
D:7 =


Innate Abilities, Weirdness & Mutations

You can breathe waves of freezing cold.
You can buffet flying creatures when you breathe cold.
Your icy white scales are hard. (AC +7)
You cannot fit into any form of body armour.
Your flesh is cold resistant. (rC+)
You are cold-blooded and may be slowed by cold attacks.


Message History

The five-headed hydra bites you!
The five-headed hydra bites you but does no damage.
The five-headed hydra bites you!
* * * LOW HITPOINT WARNING * * *
The five-headed hydra bites you!
* * * LOW HITPOINT WARNING * * *
You block the five-headed hydra's attack.
You feel a strong urge to attack something.
You feel your anger subside.
You are no longer berserk.
You are exhausted.
You feel yourself slow down.
As you read the scroll of teleportation, it crumbles to dust.
You feel strangely unstable. The five-headed hydra bites you.
* * * LOW HITPOINT WARNING * * *
You block the five-headed hydra's attack.
The five-headed hydra bites you!
* * * LOW HITPOINT WARNING * * *
The five-headed hydra bites you!
You die...

## ##.####.####....#### .####...#
##.#####..##.# #.##.#..#
##....#.....##### #...(.#.#
##...........##..#
.#......###..#.....######..#
..#.....>.........## ###..###
...#...............###.##...##
..#..............#...##......#
.##.....)......D@............##
...##.........................###
...##........P.....##....#P..##.#
#.#..##..............#...........
.###...#..........#..............
..................##....#.......>
.....#..................#......##
......#P.................#....##.
...#................###..........


You could see a five-headed hydra.

Vanquished Creatures
  The ghost of zag the Chiller, a novice NaIE of Vehumet (Lair:1)
  A torpor snail (Lair:1)
  A spiny frog (Lair:1)
  3 blink frogs
  Grinder (D:2)
  6 hippogriffs (Lair:1)
  7 yaks
  Eustachio (D:5)
  Edmund (D:5)
  Menkaure (D:5)
  A hungry ghost (D:7)
  3 water moccasins
  3 porcupines
  An orc warrior (D:7)
  An ice beast (D:6)
  A sky beast (D:5)
  A necrophage (D:8)
  3 centaurs
  5 phantoms
  3 ogres
  2 crocodiles (Lair:1)
  A big kobold (D:8)
  3 bullfrogs
  A water moccasin zombie (D:5)
  A wyvern skeleton (D:6)
  4 killer bees (D:7)
  A bullfrog zombie (D:3)
  2 crimson imps (D:8)
  4 hounds
  4 jellies
  3 orc priests
  3 orc wizards
  Ijyb (D:3)
  8 worker ants
  An iguana (D:4)
  A hound skeleton (D:8)
  Robin (D:4)
  6 gnolls
  6 adders
  3 oozes
  2 adder skeletons
  An adder zombie (D:5)
  2 worms
  5 dart slugs
  5 leopard geckos
  31 orcs
  7 giant cockroaches
  13 goblins
  8 hobgoblins
  9 jackals
  3 quokkas
  2 ball pythons
  6 bats
  5 frilled lizards
  A jackal skeleton (D:4)
  15 kobolds
  A quokka skeleton (D:8)
  A quokka zombie (D:6)
  9 rats
  2 fungi
229 creatures vanquished.

Vanquished Creatures (collateral kills)
  A blink frog (Lair:1)
1 creature vanquished.

Vanquished Creatures (others)
  A fungus (D:8)
  A plant (Lair:1)
2 creatures vanquished.

Grand Total: 232 creatures vanquished

Notes
Turn   | Place    | Note
-------+----------+-------------------------------------------
     0 | D:1      | Angulimala the Draconian Berserker began the quest for the Orb.
     0 | D:1      | Reached XP level 1. HP: 19/19 MP: 1/1
   307 | D:1      | Reached XP level 2. HP: 24/26 MP: 2/2
   958 | D:2      | Reached XP level 3. HP: 32/33 MP: 3/3
  1016 | D:2      | Reached ** piety under Trog
  1168 | D:2      | Reached skill level 1 in Short Blades
  1261 | D:2      | Found a white marble altar of Elyvilon.
  1822 | D:2      | Reached XP level 4. HP: 40/40 MP: 4/4
  1910 | D:3      | Noticed Grinder
  1918 | D:3      | Paralysed by Grinder for 2 turns
  1933 | D:2      | Paralysed by Grinder for 2 turns
  1943 | D:2      | Paralysed by Grinder for 5 turns
  1946 | D:2      | Killed Grinder
  1946 | D:2      | Reached skill level 3 in Short Blades
  1946 | D:2      | Reached skill level 1 in Shields
  1946 | D:2      | Reached XP level 5. HP: 31/46 MP: 5/5
  2057 | D:3      | Noticed Ijyb
  2072 | D:3      | Killed Ijyb
  2072 | D:3      | Reached XP level 6. HP: 49/52 MP: 6/6
  2256 | D:3      | Reached skill level 4 in Short Blades
  2441 | D:3      | Reached *** piety under Trog
  2987 | D:4      | Reached skill level 1 in Stealth
  3204 | D:4      | Noticed Robin
  3214 | D:4      | Killed Robin
  3330 | D:4      | Your scales start taking on an icy white colour.
  3330 | D:4      | Reached XP level 7. HP: 60/60 MP: 7/7
  3330 | D:4      | Gained mutation: Your flesh is cold resistant. (rC+) [White Draconian growth]
  3771 | D:4      | Reached skill level 5 in Short Blades
  3893 | D:5      | Entered Level 5 of the Dungeon
  3928 | D:5      | Noticed Edmund
  3957 | D:5      | Killed Edmund
  4029 | D:5      | Noticed Menkaure
  4038 | D:5      | Killed Menkaure
  4038 | D:5      | Reached XP level 8. HP: 24/67 MP: 8/8
  4124 | D:5      | Reached **** piety under Trog
  4124 | D:5      | Reached skill level 6 in Short Blades
  4572 | D:5      | Noticed Eustachio
  4582 | D:5      | Killed Eustachio
  4582 | D:5      | Reached skill level 5 in Dodging
  5176 | D:5      | Reached skill level 5 in Shields
  5861 | D:6      | Reached skill level 5 in Fighting
  6043 | D:6      | Reached skill level 7 in Short Blades
  6085 | D:6      | Reached XP level 9. HP: 74/74 MP: 9/9
  6382 | D:7      | Found a staircase to the Ecumenical Temple.
  6534 | D:7      | Found a sacrificial altar of Ru.
  6657 | D:7      | Reached ***** piety under Trog
  6661 | D:7      | Found Zatsedol's Jewellery Shoppe.
  6885 | D:7      | Bought an uncursed ring of protection from fire for 400 gold pieces
  7268 | D:8      | Reached skill level 8 in Short Blades
  7513 | D:8      | Found a burning altar of Makhleb.
  7918 | D:8      | Found a staircase to the Lair.
  8160 | Lair:1   | Entered Level 1 of the Lair of Beasts
  8183 | Lair:1   | Reached XP level 10. HP: 83/83 MP: 10/10
  8225 | Lair:1   | Reached skill level 9 in Short Blades
  8491 | Lair:1   | Noticed zag's ghost (novice NaIE)
  9034 | Lair:1   | Killed zag's ghost
 10169 | Lair:2   | Noticed a torpor snail
 10184 | Lair:2   | Reached skill level 10 in Short Blades
 10213 | Lair:2   | Noticed a five-headed hydra
 10244 | Lair:1   | Killed a torpor snail
 10390 | Lair:1   | Noticed a spiny frog
 10414 | Lair:1   | Killed a spiny frog
 10696 | Lair:1   | Reached XP level 11. HP: 47/91 MP: 11/11
 11278 | Lair:1   | HP: 3/91 [five-headed hydra (9)]
 11278 | Lair:1   | Mangled by a five-headed hydra

Skill      XL: |  1  2  3  4  5  6  7  8  9 10 11 |
---------------+----------------------------------+-----
Dodging        | 3 4 5 6 7 |  7.4
Fighting       | 4 5 6 |  6.9
Short Blades   | 1 3 4 5 7 8 10 | 10.2
Shields        | 1 2 3 5 7 8 9 |  9.0
Stealth        | 1 2 3 4 |  4.1
Long Blades    | |  3.3
Evocations     | |  0.8

Action                   |  1- 3 |  4- 6 |  7- 9 | 10-12 || total
-------------------------+-------+-------+-------+-------++-------
Melee: Falchion          |    32 |       |       |       ||    32
       Tailslap          |    17 |    16 |    91 |    49 ||   173
       Dagger            |    76 |   122 |   613 |   265 ||  1076
Throw: Throwing net      |       |       |       |     1 ||     1
Invok: Berserk           |       |     4 |    11 |     7 ||    22
       Trog's Hand       |       |     1 |     1 |     1 ||     3
       Burn Spellbooks   |       |       |     1 |     1 ||     2
       Brothers in Arms  |       |       |       |     1 ||     1
 Abil: Breathe Frost     |       |       |     1 |     3 ||     4
Evoke: Wand              |       |       |     4 |     1 ||     5
  Use: Scroll            |     2 |     5 |     3 |     5 ||    15
       Potion            |       |     1 |     2 |     3 ||     6
 Stab: Distracted        |       |     1 |       |       ||     1
       Sleeping          |       |       |     2 |     3 ||     5
  Eat: Chunk             |     3 |     4 |    14 |     7 ||    28
       Bread ration      |       |     1 |     3 |       ||     4
       Fruit             |       |       |       |     7 ||     7
       Meat ration       |       |       |       |     1 ||     1
Armor: Skin              |    44 |    24 |    62 |    24 ||   154
Dodge: Dodged            |    32 |    30 |    98 |    53 ||   213
Block: Large shield      |    66 |    64 |   306 |   179 ||   615
       Rpst.: Falchion   |     5 |       |       |       ||     5
